 Dungeon Crawl Stone Soup version 0.28.0-43-g3370ac3207 (webtiles) character file.

Game seed: 10988118210166909512

658 TheDeanity the Shield-Bearer (level 7, -1/70 HPs)
             Began as a Troll Fighter on Mar 15, 2022.
             Succumbed to a water moccasin's poison
             ... on level 5 of the Dungeon.
             The game lasted 00:05:35 (2803 turns).

TheDeanity the Shield-Bearer (Troll Fighter)        Turns: 2803, Time: 00:05:36

Health: -1/70      AC:  4    Str: 26 (27) XL:     7   Next: 29%
Magic:  6/6        EV:  8    Int:  3 (4)  God:
Gold:   222        SH:  7    Dex:  7 (9)  Spells: 6/6 levels left

rFire   . . .      SeeInvis .   (no weapon)
rCold   . . .      Faith    .   c - +0 kite shield
rNeg    . . .      Spirit   .   b - +0 robe
rPois   .          Reflect  .   (helmet restricted)
rElec   .          Harm     .   (no cloak)
rCorr   .          Rampage  .   (gloves unavailable)
Will    .....                   (boots unavailable)
Stlth   +.........              (no amulet)
HPRegen 1.01/turn               (no ring)
MPRegen 0.10/turn               (no ring)

@: lethally poisoned (-1 -> -23), hasted, very quick
A: large, unfitting armour, claws 3, regeneration 1, shaggy fur 1, tough skin 1
a: no special abilities


You were on level 5 of the Dungeon.
You visited 1 branch of the dungeon, and saw 5 of its levels.

You collected 222 gold pieces.

Inventory:

Hand Weapons
 a - a +0 flail
Armour
 b - a +0 robe (worn)
 c - a +0 kite shield (worn)
Wands
 s - a wand of mindburst (14)
Scrolls
 e - 2 scrolls of magic mapping {unknown}
 h - a scroll of vulnerability
 i - 2 scrolls of silence {unknown}
 j - 2 scrolls of immolation {unknown}
 o - a scroll of fear {unknown}
 p - a scroll of summoning {unknown}
 t - a scroll of amnesia {unknown}
 u - a scroll of teleportation {unknown}
Potions
 d - 2 potions of might
 g - a potion of ambrosia
 k - 2 potions of attraction
 l - a potion of cancellation
 m - a potion of heal wounds {unknown}
 q - a potion of degeneration
 r - a potion of lignification {unknown}


   Skills:
 + Level 4.0 Fighting
 + Level 4.0 Maces & Flails
 - Level 2.4 Dodging
 * Level 5.3 Shields


You had 6 spell levels left.
You didn't know any spells.
Your spell library contained the following spells:

 Spells                   Type           Power      Damage    Failure   Level
 Beastly Appendage        Tmut           0%         N/A       80%         1
 Summon Small Mammal      Summ           0%         N/A       80%         1
 Blink                    Tloc           0%         N/A       90%         2
 Wereblood                Tmut           0%         N/A       90%         2
 Call Canine Familiar     Summ           0%         N/A       99%         3
 Spider Form              Tmut/Pois      0%         N/A       99%         3
 Summon Guardian Golem    Hex/Summ       0%         N/A       99%         3
 Manifold Assault         Tloc           0%         N/A       100%        5
 Storm Form               Tmut/Air       0%         N/A       100%        7


Dungeon Overview and Level Annotations

Branches:
Dungeon (5/15)
 Temple: D:4-7

Altars:
The Shining One


Innate Abilities, Weirdness & Mutations

You are too large for most types of armour.
You have claws for hands.
Your natural rate of healing is unusually fast.
You are covered in fur. (AC +1)
You have tough skin. (AC +1)


Message History

You claw the water moccasin!
The water moccasin is heavily wounded.
You feel very sick.
The water moccasin bites you but does no damage.
You barely miss the water moccasin.
The water moccasin is heavily wounded.
You feel very sick. You block the water moccasin's attack.
The water moccasin bites you.
You claw the water moccasin!
The water moccasin is almost dead.
You feel sick. The water moccasin bites you. x2
You are more poisoned.
The water moccasin poisons you!
You closely miss the water moccasin.
The water moccasin is severely wounded.
You feel very sick. The water moccasin bites you.
You barely miss the water moccasin.
The water moccasin is severely wounded.
You feel very sick. The water moccasin bites you. x2
You are more poisoned.
The water moccasin poisons you!
You barely miss the water moccasin.
The water moccasin is severely wounded.
You feel extremely sick.
The water moccasin bites you but does no damage.
The water moccasin bites you!
* * * LOW HITPOINT WARNING * * *
You feel yourself speed up.
* * * LOW HITPOINT WARNING * * *
You feel very sick. The water moccasin bites you!
* * * LOW HITPOINT WARNING * * *
You are more poisoned.
The water moccasin poisons you!
It was a potion of degeneration.
There was something very wrong with that liquid.
You feel weakened.
You feel dopey.
You feel clumsy.
You die...

#.#.......'.........#
#.....).###.........#
#.......# ##.......##
##.###### ##.....##
#.# ##...## #.# ##+##
#####.#####
#.........#######
#.###.###@....... #.#
#S######. #.# #.# #..
... ### #.# ..# #.#
#.$


You could see a water moccasin.

Vanquished Creatures
  A black bear (D:5)
  A necrophage (D:5)
  An ogre (D:4)
  A wyvern zombie (D:3)
  A howler monkey (D:4)
  2 hounds (D:4)
  An iron imp (D:5)
  8 adders
  4 gnolls
  An adder skeleton (D:4)
  4 worms
  2 dart slugs (D:1)
  3 orcs
  11 bats
  5 endoplasms
  4 giant cockroaches
  6 goblins
  6 hobgoblins
  4 jackals (D:2)
  3 quokkas
  2 ball pythons
  3 frilled lizards (D:1)
  A goblin zombie (D:5)
  3 hobgoblin zombies (D:5)
  5 kobolds
  A kobold skeleton (D:5)
  2 kobold zombies (D:5)
  7 rats
93 creatures vanquished.

Notes
Turn   | Place    | Note
-------+----------+-------------------------------------------
     0 | D:1      | TheDeanity the Troll Fighter began the quest for the Orb.
     0 | D:1      | Reached XP level 1. HP: 22/22 MP: 0/0
   132 | D:1      | Reached XP level 2. HP: 29/29 MP: 1/1
   190 | D:1      | Reached skill level 3 in Shields
   435 | D:1      | Reached XP level 3. HP: 36/36 MP: 2/2
   692 | D:2      | Found a faded altar of an unknown god.
  1030 | D:3      | Reached XP level 4. HP: 44/44 MP: 3/3
  1206 | D:3      | Identified the +10 short sword of Gekyci {antimagic, rF++
                  | Will- Dex+3}
  1383 | D:3      | Reached XP level 5. HP: 34/53 MP: 4/4
  1899 | D:4      | Noticed an ogre
  1906 | D:4      | Killed an ogre
  1907 | D:4      | Reached skill level 4 in Shields
  1935 | D:4      | Reached XP level 6. HP: 56/61 MP: 5/5
  2606 | D:5      | Entered Level 5 of the Dungeon
  2646 | D:5      | Found a glowing golden altar of the Shining One.
  2750 | D:5      | Reached skill level 5 in Shields
  2750 | D:5      | Reached XP level 7. HP: 43/68 MP: 6/6
  2802 | D:5      | HP: 3/70 [water moccasin (7)]
  2803 | D:5      | Succumbed to a water moccasin's poison

Illustrated notes

Levels and vault maps discovered:
D:1:      heliophobic_arrival_glass_houses, layout_basic
D:2:      layout_basic, chequers_ecumenical_altar_simple, minmay_hexomino_u4
D:3:      layout_basic
D:4:      layout_basic, minmay_misc_feat_rugged, kennysheep_another_room,
          minmay_checkerbox
D:5:      layout_loops_corners, nicolae_tso_besieged_by_evil, serial_shops,
          shop_statue, gammafunk_ghost_smash, uniq_eustachio

Skill      XL: |  1  2  3  4  5  6  7 |
---------------+----------------------+-----
Maces & Flails | 2 3 4 |  4.0
Shields        | 3 4 5 |  5.3
Fighting       | 3 4 |  4.0
Dodging        | |  2.4

Action                   |  1- 3 |  4- 6 |  7- 9 || total
-------------------------+-------+-------+-------++-------
Melee: Unarmed           |   134 |   230 |    17 ||   381
  Use: Scroll            |       |     6 |       ||     6
       Potion            |       |       |     2 ||     2
Armor: Robe              |    48 |    66 |     7 ||   121
Dodge: Dodged            |    61 |    81 |     8 ||   150
Block: Kite shield       |    54 |    97 |     4 ||   155
